 Dungeon Crawl Stone Soup version 0.18-a0-1577-gf591c28 (webtiles) character file.

1840 M4edhros the Nimble (level 9, -5/44 HPs)
             Began as an Octopode Wanderer on Mar 18, 2016.
             Killed from afar by an electric eel (13 damage)
             ... with a bolt of electricity
             ... on level 7 of the Dungeon.
             The game lasted 00:11:29 (20261 turns).

M4edhros the Nimble (Octopode Wanderer)            Turns: 20261, Time: 00:11:29

Health: -5/44      AC:  1    Str: 13    XL:     9   Next: 12%
Magic:  9/9        EV: 20    Int: 15    God:    Xom [.*....]
Gold:   452        SH:  6    Dex: 12    Spells: 0 memorised, 8 levels left

rFire  . . .     SeeInvis .     a - +3 shortbow
rCold  . . .     Gourm    .     (shield currently unavailable)
rNeg   . . .     Faith    .     (helmet restricted)
rPois  +         Spirit   .     K - +6 amulet of reflection
rElec  .         Dismiss  .     e - +2 ring of evasion
rCorr  .         Reflect  +     F - ring of wizardry
SustAt +         Harm     .     n - ring of poison resistance
MR     .....                    z - ring of sustain attributes (curse)
Stlth  +++.......               (no ring)
                                (no ring)
                                (no ring)
                                (no ring)

@: not resistant to hostile enchantments, fairly stealthy
A: almost no armour, amphibious, 8 rings, constrict 8, camouflage 1, frail 2,
gelatinous body 1
a: Renounce Religion


You were on level 7 of the Dungeon.
You worshipped Xom.
You were a plaything of Xom.
You were not hungry.

You visited 2 branches of the dungeon, and saw 8 of its levels.

You collected 452 gold pieces.

Inventory:

Hand Weapons
 a - a +3 shortbow (weapon)
 B - a +0 trident of protection
Missiles
 b - 74 arrows (quivered)
 d - 10 exploding sling bullets
 l - 13 poisoned arrows
 m - 48 sling bullets
 q - 238 stones
Jewellery
 e - a +2 ring of evasion (left tentacle)
 n - a ring of poison resistance (on tentacle)
 z - a cursed ring of sustain attributes (on tentacle)
 F - a ring of wizardry (right tentacle)
 G - an uncursed amulet of guardian spirit
 K - a +6 amulet of reflection (around mantle)
Wands
 s - a wand of acid (8/15)
 C - a wand of lightning (7/15)
 D - a wand of lightning (8/15)
 J - a wand of lightning (9/15)
Scrolls
 j - 2 scrolls of fear
 o - 2 scrolls of enchant weapon
 v - a scroll of random uselessness {unknown}
 x - a scroll of remove curse
 y - a scroll of blinking {unknown}
 A - a scroll of fog
 E - a scroll of enchant armour
 M - a scroll of acquirement {unknown}
Potions
 c - 3 potions of lignification
 f - 2 potions of invisibility {unknown}
 g - a potion of brilliance {unknown}
 h - 4 potions of might {unknown}
 i - a potion of ambrosia {unknown}
 k - 2 potions of degeneration {unknown}
 r - a potion of flight {unknown}
 t - 2 potions of curing {unknown}
 u - 4 potions of agility {unknown}
 w - a potion of heal wounds {unknown}
 H - 2 potions of mutation {unknown}
Books
 I - a book of Dreams

   Spells                             Type                      Level
   a - Ensorcelled Hibernation        Hexes/Ice                    2
   b - Silence                        Hexes/Air                    5
   c - Darkness                       Hexes                        6
   d - Shadow Creatures               Summoning                    6
 L - a Necronomicon

   Spells                             Type                      Level
   a - Haunt                          Necromancy/Summoning         7
   b - Borgnjor's Revivification      Necromancy                   8
   c - Death's Door                   Charms/Necromancy            8
   d - Necromutation                  Transmutation/Necromancy     8


   Skills:
 - Level 3.0 Fighting
   Level 1.0 Maces & Flails
 - Level 4.0 Bows
 + Level 11.3 Dodging
 - Level 1.3 Stealth
   Level 1.0 Shields


You had 8 spell levels left.
You didn't know any spells.

Dungeon Overview and Level Annotations

Branches:
Dungeon (7/15)             Temple (1/1) D:4

Altars:
Ashenzari
Cheibriados
Dithmenos
Elyvilon
Fedhas
Gozag
Kikubaaqudgha
Makhleb
Okawaru
Pakellas
Qazlal
Ru
Sif Muna
Trog
Vehumet
Xom
Yredelemnul
The Shining One


Innate Abilities, Weirdness & Mutations

You cannot wear most types of armour.
You are amphibious.
You can wear up to eight rings at the same time.
You can use your tentacles to constrict eight enemies at once.
Your skin changes colour to match your surroundings (Stealth).
Your rubbery body absorbs attacks (AC +1).
You are very frail (-20% HP).


Message History

You block the giant frog skeleton's attack.
Something hits the ogre!!
The ogre dies!
The giant frog skeleton closely misses you.
Firing (i - inventory. (,) - cycle):
b - 72 arrows (quivered)
Press: ? - help, Shift-Dir - straight line, f/p - giant frog skeleton
Aim: a giant frog skeleton You shoot an arrow.
The arrow hits the giant frog skeleton.
You destroy the giant frog skeleton!
b - 74 arrows (gained 3)
You swap places.
You swap places.
The electric eel shoots out a bolt of lightning at you!
The bolt of electricity hits your giant spiked club.
Your giant spiked club completely resists.
The bolt of electricity hits you!
* * * LOW HITPOINT WARNING * * *
Xom is amused.
The bolt of electricity hits you!
You die...

##.P.(.P≈$ #.#P.#
#P..(..≈≈≈ ##.#...
#...≈≈≈≈≈; #..P≈P.
#P.≈# ##..≈≈≈≈
#.≈≈# #.P≈≈≈≈≈
#≈≈≈# ##.≈≈≈≈≈.
##;≈# ##.≈≈#≈≈≈#
#(## #≈≈≈###.##
##@#####
#≈...#...#
##....###.........
#....'.#.........
#....'.'.........
##....###.........
##.#####
#....#...# #≈##
≈##≈.###.## ##≈≈#
≈≈##≈≈.#≈≈≈# #≈≈≈#
≈≈≈≈##≈≈≈≈≈≈.


You could see an electric eel and a friendly giant spiked club.

Vanquished Creatures
  3 ogres (D:4)
  2 centaurs (D:6)
  6 giant frogs
  A scorpion (D:6)
  A howler monkey (D:4)
  4 electric eels (D:7)
  A centaur skeleton (D:7)
  A giant frog skeleton (D:7)
  An orc priest (D:7)
  3 hounds
  2 jellies (D:7)
  4 orc wizards
  3 iguanas
  Natasha (twice) (D:3)
  4 worker ants
  A hound skeleton (D:6)
  2 gnolls
  7 adders
  A shadow imp (D:6)
  An adder skeleton (D:4)
  2 worms
  2 dart slugs
  7 orcs
  2 giant cockroaches
  7 goblins
  4 hobgoblins
  10 jackals
  5 kobolds
  5 quokkas
  2 ball pythons (D:1)
  8 bats
  2 giant newts
  A quokka skeleton (D:7)
  6 rats
113 creatures vanquished.

Vanquished Creatures (collateral kills)
  An ogre (D:7)
1 creature vanquished.

Vanquished Creatures (others)
  A fungus (D:4)
1 creature vanquished.

Grand Total: 115 creatures vanquished

Notes
Turn   | Place    | Note
--------------------------------------------------------------
     0 | D:1      | M4edhros the Octopode Wanderer began the quest for the Orb.
     0 | D:1      | M4edhros set off with: a +2 shortbow, 28 arrows, 2 potions of lignification, a bread ration
     0 | D:1      | Reached XP level 1. HP: 16/16 MP: 1/1
    66 | D:1      | Reached skill level 1 in Dodging
    70 | D:1      | Reached XP level 2. HP: 9/21 MP: 2/2
   256 | D:1      | Reached skill level 2 in Dodging
   743 | D:2      | Reached XP level 3. HP: 26/26 MP: 3/3
   838 | D:2      | Reached skill level 3 in Dodging
   931 | D:2      | Reached XP level 4. HP: 28/31 MP: 4/4
  1642 | D:3      | Reached skill level 4 in Dodging
  1758 | D:3      | Found a glowing golden altar of the Shining One.
  1758 | D:3      | Found a white marble altar of Elyvilon.
  2068 | D:3      | Noticed Natasha
  2071 | D:3      | Killed Natasha
  2071 | D:3      | Reached XP level 5. HP: 36/36 MP: 5/5
  2252 | D:3      | Noticed Natasha
  2256 | D:3      | Killed Natasha
  2256 | D:3      | Reached skill level 5 in Dodging
  2341 | D:4      | Found a staircase to the Ecumenical Temple.
  2345 | D:4      | Noticed an ogre
  2353 | D:4      | Killed an ogre
  2353 | D:4      | Reached XP level 6. HP: 42/42 MP: 6/6
  2358 | D:4      | Reached skill level 6 in Dodging
  2462 | D:4      | Reached XP level 7. HP: 19/46 MP: 7/7
  2807 | D:4      | Reached skill level 7 in Dodging
  2911 | D:4      | Found a stormy altar of Qazlal.
  2926 | D:4      | Found a blossoming altar of Fedhas.
  3365 | D:5      | Entered Level 5 of the Dungeon
  3371 | D:5      | Found a shimmering altar of Xom.
  3386 | D:5      | Became a worshipper of Xom of Chaos
  3968 | D:6      | XOM is BORED!
  3968 | D:6      | XOM: medium Conj miscast
  3982 | D:6      | Reached skill level 8 in Dodging
  4136 | D:6      | Found a bloodstained altar of Trog.
  4146 | D:6      | Reached XP level 8. HP: 31/52 MP: 8/8
  4239 | D:6      | Reached skill level 9 in Dodging
  4242 | D:6      | XOM: divination: magic mapping
  4462 | D:6      | XOM: potion effect (brilliance)
  4555 | D:6      | XOM: silly message
  4694 | D:7      | Reached skill level 10 in Dodging
  4711 | D:7      | XOM: divination: magic mapping
  5386 | D:7      | XOM: butterfly on damage
  5916 | D:7      | XOM: harmless Conj miscast
  6073 | Temple   | Entered the Ecumenical Temple
  6852 | Temple   | XOM: harmless Air miscast
  7132 | Temple   | XOM is BORED!
  7132 | Temple   | XOM: noise
  7330 | Temple   | XOM: divination: detect items
  7537 | Temple   | XOM: silly message
  7717 | Temple   | XOM: 5-stop teleportation journey
  7732 | Temple   | XOM: mild Ice miscast
  7860 | Temple   | XOM: harmless Air miscast
  8311 | Temple   | XOM: colour smoke trail
  8436 | Temple   | XOM: harmless Erth miscast
  8575 | Temple   | XOM: silly message
  8656 | Temple   | XOM is BORED!
  8656 | Temple   | XOM: medium Air miscast
  8833 | Temple   | XOM: medium Erth miscast
  9185 | Temple   | XOM: colour smoke trail
  9611 | Temple   | XOM: harmless Pois miscast
  9820 | Temple   | XOM: vitrification
  9859 | Temple   | XOM: give mutations
  9859 | Temple   | Gained mutation: You are frail (-10% HP). [Xom's mischief]
  9859 | Temple   | Gained mutation: You are very frail (-20% HP). [Xom's mischief]
  9952 | Temple   | XOM: god gift: shiny ring mail {god gift}
  9968 | Temple   | XOM: severe Hex miscast
 10090 | Temple   | XOM: colour smoke trail
 10121 | Temple   | XOM: mild Erth miscast
 10239 | Temple   | XOM: medium Chrm miscast
 10328 | Temple   | XOM: medium Divn miscast
 10415 | Temple   | XOM: divination: detect creatures
 11406 | Temple   | XOM: harmless Fire miscast
 11882 | Temple   | XOM: harmless Fire miscast
 11984 | Temple   | XOM: harmless Chrm miscast
 12243 | Temple   | XOM: harmless Pois miscast
 12695 | Temple   | XOM is BORED!
 12695 | Temple   | XOM: mild Erth miscast
 14344 | Temple   | XOM: harmless Pois miscast
 15035 | Temple   | XOM: mild Trmt miscast
 15046 | Temple   | XOM: god gift: 10 exploding sling bullets
 15900 | Temple   | XOM: harmless Conj miscast
 16081 | Temple   | XOM is BORED!
 16081 | Temple   | XOM: medium Hex miscast
 16168 | Temple   | XOM: silly message
 16341 | Temple   | XOM: medium Divn miscast
 16474 | Temple   | XOM: mild Hex miscast
 16508 | Temple   | XOM: silly message
 16529 | Temple   | XOM: god gift: blackened copper wand {god gift}
 16650 | Temple   | XOM: silly message
 16792 | Temple   | XOM: silly message
 17578 | Temple   | XOM: colour smoke trail
 17840 | Temple   | XOM: mild Pois miscast
 18196 | Temple   | XOM is BORED!
 18196 | Temple   | XOM: mild Divn miscast
 19477 | Temple   | XOM: colour smoke trail
 19486 | Temple   | XOM: mild Conj miscast
 19511 | Temple   | XOM: severe Air miscast
 19698 | D:7      | Reached XP level 9. HP: 36/44 MP: 9/9
 19817 | D:7      | Found a shimmering altar of Xom.
 19818 | D:7      | Found a shimmering altar of Xom.
 19821 | D:7      | Found a shimmering altar of Xom.
 19821 | D:7      | Found a shimmering altar of Xom.
 19821 | D:7      | Found a shimmering altar of Xom.
 19931 | D:7      | Reached skill level 11 in Dodging
 20016 | D:7      | XOM: summons 1 hostile demon
 20152 | D:7      | XOM: 4-stop teleportation journey
 20261 | D:7      | Killed from afar by an electric eel

Vault maps used:
D:1:      lightli_arrival_quake
D:2:      minmay_tree_intersection
D:3:      gammafunk_temple_overflow_elements, first_bread, uniq_natasha
D:4:      grunt_temple_overflow_forces_of_nature,
          minmay_temple_entry_glassed_door
D:5:      basic_altar
D:6:      kennysheep_little_box
D:7:      wad_lake_hut, xom_redecorated
Temple:   dpeg_five_rooms_temple_12

Skill      XL: |  1  2  3  4  5  6  7  8  9 |
---------------+----------------------------+-----
Dodging        | 1 2 3 4 5 6 8 10 11 | 11.3
Fighting       | |  3.0
Maces & Flails | |  1.0
Bows           | |  4.0
Stealth        | |  1.3
Shields        | |  1.0

Action                   |  1- 3 |  4- 6 |  7- 9 || total
-------------------------+-------+-------+-------++-------
Melee: Trident           |       |       |    88 ||    88
 Fire: Shortbow          |    50 |   110 |   159 ||   319
  Use: Scroll            |       |     2 |     4 ||     6
       Potion            |       |     1 |       ||     1
 Stab: Sleeping          |       |       |     7 ||     7
       Distracted        |       |       |     1 ||     1
  Eat: Chunk             |       |     4 |     9 ||    13
       Meat ration       |       |       |     5 ||     5
       Bread ration      |       |       |     4 ||     4
       Fruit             |       |       |     4 ||     4
